 Dungeon Crawl Stone Soup version 0.28-a0-6-g334057b17a (webtiles) character file.

Game seed: 15020448581848035438

1368 MacCMillion the Chiller (level 8, -20/49 HPs)
             Began as a Gargoyle Ice Elementalist on July 23, 2021.
             Was a Follower of Nemelex Xobeh.
             Demolished by an orc warrior (22 damage)
             ... on level 5 of the Dungeon.
             The game lasted 00:23:22 (8125 turns).

MacCMillion the Chiller (Gargoyle Ice Elementalist) Turns: 8125, Time: 00:23:23

Health: -20/49     AC: 12    Str: 12    XL:     8   Next: 65%
Magic:  8/11       EV: 10    Int: 18    God:    Nemelex Xobeh [*.....]
Gold:   326        SH:  0    Dex: 16    Spells: 4/11 levels left

rFire   . . .      SeeInvis .   l - +1 mace (protect)
rCold   . . .      Faith    .   (no shield)
rNeg    + . .      Spirit   .   e - +0 ring mail
rPois   ∞          Reflect  .   B - +0 helmet
rElec   +          Harm     .   (no cloak)
rCorr   .          Rampage  .   (no gloves)
Will    .....                   m - +0 pair of boots
Stlth   +.........              (no amulet)
HPRegen 0.16/turn               k - +6 ring of dexterity
MPRegen 0.12/turn               j - ring of wizardry

@: very slightly contaminated
A: sickness immunity, AC +5, negative energy resistance 1, electricity
resistance, torment resistance 1, petrification resistance
a: Renounce Religion, Draw Escape, Draw Destruction, Draw Summoning


You were on level 5 of the Dungeon.
You worshipped Nemelex Xobeh.
Nemelex Xobeh was aware of your devotion.
You visited 1 branch of the dungeon, and saw 6 of its levels.

You collected 326 gold pieces.

Inventory:

Hand Weapons
 c - a +0 mace
 h - a +2 dagger of protection
 l - a +1 mace of protection (weapon)
 q - a +1 dagger of pain
 A - a +0 rapier
 C - a +4 dagger
Armour
 e - a +0 ring mail (worn)
 m - a +0 pair of boots (worn)
 B - a +0 helmet (worn)
Jewellery
 j - a ring of wizardry (right hand)
 k - a +6 ring of dexterity (left hand)
Scrolls
 d - a scroll of teleportation
 f - a scroll of identify
 i - 2 scrolls of enchant weapon {unknown}
 n - a scroll of fog {unknown}
 s - a scroll of magic mapping {unknown}
 t - 2 scrolls of holy word
 u - a scroll of immolation {unknown}
 w - a scroll of amnesia {unknown}
 y - a scroll of enchant armour {unknown}
Potions
 b - a potion of ambrosia
 g - 2 potions of haste
 o - 2 potions of might
 p - a potion of brilliance {unknown}
 r - a potion of flight {unknown}
 v - a potion of degeneration {unknown}
 z - 3 potions of heal wounds {unknown}


   Skills:
 - Level 5.0 Fighting
 + Level 7.0 Maces & Flails
 - Level 1.5 Dodging
 - Level 2.1 Stealth
 - Level 2.0 Spellcasting
 - Level 7.0 Ice Magic


You had 4 spell levels left.
You knew the following spells:

 Your Spells              Type           Power      Damage    Failure   Level
a - Freeze                Ice            100%       1d11      1%          1
b - Frozen Ramparts       Ice            54%        1d7       2%          3
c - Ozocubu's Armour      Ice            27%        N/A       2%          3

Your spell library contained the following spells:

 Spells                   Type           Power      Damage    Failure   Level
 Hailstorm                Conj/Ice       14%        3d5       34%         4
 Summon Forest            Summ/Tloc      0%         N/A       98%         5
 Eringya's Noxious Bog    Tmut/Pois      0%         N/A       100%        6
 Summon Hydra             Summ           0%         N/A       100%        7


Dungeon Overview and Level Annotations

Branches:
Dungeon (6/15)             Temple (0/1) D:5

Altars:
Ashenzari
Cheibriados
Dithmenos
Elyvilon
Nemelex Xobeh
Qazlal
Uskayaw
Wu Jian
Xom

Annotations:
D:5 1 runed translucent door, Crazy Yiuf


Innate Abilities, Weirdness & Mutations

You are immune to sickness and miasma.
Your stone body is resilient. (AC +5)
You are immune to poison.
You resist negative energy. (rN+)
You are resistant to electric shocks. (rElec)
You are resistant to unholy torment.
You are immune to petrification.


Message History

The orc hits you but does no damage. The orc closely misses you.
The iguana bites you.
You climb upwards.
Level annotation: 1 runed translucent door, Crazy Yiuf
There is a stone staircase leading down here.
Aiming: Freeze (safe; 1% risk of failure)
Press: ? - help, Q - select action, (/) - cycle Shift-Dir - straight line, f - orc
Aim: an orc, wielding a +0 dagger You freeze the orc.
The orc is severely wounded.
The orc hits you with a +0 dagger.
The orc warrior hits you from afar with a +0 glaive!
The iguana bites you.
The orc hits you from afar with a +0 trident.
* * * LOW HITPOINT WARNING * * *
Aiming: Freeze (safe; 1% risk of failure)
Press: ? - help, Q - select action, (/) - cycle Shift-Dir - straight line, f/p - orc
Aim: an orc, wielding a +0 dagger (severely wounded)
You miscast Freeze.
You are very lightly contaminated with residual magic.
Nothing appears to happen.
The orc hits you with a +0 dagger.
* * * LOW HITPOINT WARNING * * *
The orc warrior hits you from afar with a +0 glaive!
* * * LOW HITPOINT WARNING * * *
The iguana bites you but does no damage.
The orc hits you from afar with a +0 trident.
* * * LOW HITPOINT WARNING * * *
Okay, then.
Okay, then.
Aiming: Freeze (safe; 1% risk of failure)
Press: ? - help, Q - select action, (/) - cycle Shift-Dir - straight line, f/p - orc
Aim: an orc, wielding a +0 dagger (severely wounded)
You freeze the orc.
You kill the orc!
The iguana bites you but does no damage.
The orc barely misses you.
The orc warrior hits you from afar with a +0 glaive!!
You die...
Your body glows slightly and disappears.

.# #..# #.# #.#
#..)#
.#########..# #.#
#.# #####
............# #.#
### ##########<##
#.# ##########.#
#.# ...........#
#.# ############
#.# #### #)# #...
#@# #.##
#l#############.#
#oo.............#
#################


You could see an orc warrior, an iguana and an orc.

Vanquished Creatures
  Eustachio (D:5)
  Duvessa (D:5)
  A water moccasin (D:5)
  A sky beast (D:5)
  An ogre (D:5)
  A scorpion (D:5)
  A water moccasin skeleton (D:4)
  Dowan (D:5)
  A wyvern skeleton (D:5)
  A hound (D:5)
  3 orc priests
  A bullfrog zombie (D:5)
  A centaur zombie (D:5)
  2 bullfrog skeletons (D:5)
  2 iguanas
  3 orc wizards (D:5)
  A hound skeleton (D:5)
  6 adders
  An adder skeleton (D:3)
  3 worms
  5 dart slugs
  14 orcs
  10 ball pythons
  12 bats
  6 endoplasms
  2 giant cockroaches (D:3)
  6 goblins
  A hobgoblin (D:2)
  18 jackals
  4 kobolds
  2 quokkas
  8 frilled lizards
  4 rats
125 creatures vanquished.

Vanquished Creatures (others)
  8 fungi
  6 plants
14 creatures vanquished.

Grand Total: 139 creatures vanquished

Notes
Turn   | Place    | Note
-------+----------+-------------------------------------------
     0 | D:1      | MacCMillion the Gargoyle Ice Elementalist began the quest
                  | for the Orb.
     0 | D:1      | Reached XP level 1. HP: 10/10 MP: 3/3
   158 | D:1      | Reached XP level 2. HP: 15/15 MP: 0/5
   507 | D:1      | Reached XP level 3. HP: 12/19 MP: 0/6
   647 | D:1      | Reached skill level 5 in Ice Magic
  1085 | D:1      | Found a faded altar of an unknown god.
  1404 | D:2      | Learned a level 3 spell: Frozen Ramparts
  1430 | D:1      | Reached XP level 4. HP: 9/24 MP: 1/7
  2265 | D:2      | Learned a level 3 spell: Ozocubu's Armour
  2808 | D:3      | Reached XP level 5. HP: 28/28 MP: 5/8
  2911 | D:3      | Noticed a water elemental
  2928 | D:3      | Noticed an air elemental
  2929 | D:3      | Found a stormy altar of Qazlal.
  2942 | D:3      | Noticed a fire elemental
  3786 | D:4      | Reached skill level 1 in Fighting
  3786 | D:4      | Reached XP level 6. HP: 15/35 MP: 9/9
  4328 | D:4      | Found a sparkling altar of Nemelex Xobeh.
  4333 | D:4      | Found a snail-covered altar of Cheibriados.
  4340 | D:4      | Became a worshipper of Nemelex Xobeh the Trickster
  4392 | D:4      | Found an ornate altar of the Wu Jian Council.
  4394 | D:4      | Found a shimmering altar of Xom.
  4394 | D:4      | Found a shadowy altar of Dithmenos.
  4394 | D:4      | Found a broken altar of Ashenzari.
  4401 | D:4      | Found a white marble altar of Elyvilon.
  4406 | D:4      | Found a hide-covered altar of Uskayaw.
  4718 | D:4      | Reached * piety under Nemelex Xobeh
  4769 | D:4      | Received a gift from Nemelex Xobeh
  4806 | D:5      | Entered Level 5 of the Dungeon
  5443 | D:5      | Noticed a water moccasin
  5475 | D:5      | Killed a water moccasin
  5476 | D:5      | Reached skill level 1 in Maces & Flails
  5476 | D:5      | Reached XP level 7. HP: 42/42 MP: 3/10
  5673 | D:5      | Found a staircase to the Ecumenical Temple.
  5898 | D:5      | Noticed Eustachio
  5909 | D:5      | Killed Eustachio
  5910 | D:5      | Reached skill level 5 in Fighting
  6039 | D:5      | Reached XP level 8. HP: 49/49 MP: 8/11
  6286 | D:5      | Found a runed translucent door.
  6287 | D:5      | Noticed Crazy Yiuf
  6334 | D:5      | Reached skill level 5 in Maces & Flails
  6496 | D:5      | Noticed Dowan
  6514 | D:5      | Killed Dowan
  6563 | D:5      | Noticed Duvessa
  6575 | D:5      | Killed Duvessa
  7548 | D:5      | Found a staircase to the Ecumenical Temple.
  7759 | D:5      | Found a runed translucent door.
  8124 | D:5      | HP: 2/49 [orc (1)]
  8125 | D:5      | Demolished by an orc warrior

Illustrated notes

Levels and vault maps discovered:
D:1:      zelgadis_glass_arrival_small, layout_rooms,
          shapermc_ecumenical_altar_hornbeckon, hangedman_decor_peaks_small,
          st_stairs_8
D:2:      layout_basic, minmay_pentomino_t4
D:3:      layout_basic, nicolae_qazlal_style_of_elements, st_stairs_5,
          serial_bayou_crossing
D:4:      layout_layer_cave, minmay_overflow_temple_hex,
          amethyst_overflow_temple_binary
D:5:      layout_loops_ring, minmay_temple_entry_gardened_gates,
          uniq_crazy_yiuf_cottage, uniq_eustachio, uniq_duvessa
D:6:      layout_rooms, grunt_temple_overflow_open, minmay_manual_mares,
          uniq_pikel

Skill      XL: |  1  2  3  4  5  6  7  8 |
---------------+-------------------------+-----
Ice Magic      | 5 6 7 |  7.0
Fighting       | 1 3 5 |  5.0
Maces & Flails | 1 4 7 |  7.0
Dodging        | |  1.5
Stealth        | |  2.1
Spellcasting   | |  2.0

Action                   |  1- 3 |  4- 6 |  7- 9 || total
-------------------------+-------+-------+-------++-------
Melee: Dagger            |    27 |    98 |    50 ||   175
       Mace              |       |       |    12 ||    12
 Cast: Freeze            |    59 |    81 |    57 ||   197
       Ozocubu's Armour  |       |     1 |       ||     1
       Frozen Ramparts   |       |     1 |     1 ||     2
Invok: Draw Escape       |       |       |     2 ||     2
  Use: Scroll            |       |     5 |     1 ||     6
       Potion            |       |       |     1 ||     1
 Stab: Sleeping          |     2 |     4 |     1 ||     7
Armor: Robe              |    30 |    10 |       ||    40
       Ring mail         |       |    64 |    80 ||   144
Dodge: Dodged            |    57 |    87 |    89 ||   233

Table legend: (Time is in decaauts)
 A = Elapsed time spent in this place.
 B = Non-inter-level travel time spent in this place.
 C = Inter-level travel time spent in this place.
 D = Time resting spent in this place.
 E = Time spent auto-exploring this place.
 F = Levels seen in this place.
 G = Mean time per level.
                   A        B        C        D        E       F      G
               +--------+--------+--------+--------+--------+-----+--------+
         Total |   8150 |   7866 |    284 |   1277 |   5422 |   6 | 1358.3 |
       Dungeon |   8150 |   7866 |    284 |   1277 |   5422 |   6 | 1358.3 |
               +--------+--------+--------+--------+--------+-----+--------+

Top non-repeatable levels by time:
     D:5: 2885 daAuts
     D:4: 1676 daAuts
     D:1: 1413 daAuts
     D:2: 1182 daAuts
     D:3: 973 daAuts
     D:6: 18 daAuts
